[Event "Titled Tuesday Blitz March 21 Early 2023"]
[White "Vogel, Roven"]
[Black "Cherniaiev, Tykhon"]
[WhiteFideId "12908088"]
[BlackFideId "14182360"]
[WhiteElo "2518"]
[BlackElo "2450"]
[Result "1/2-1/2"]
[Round "06"]
[TimeControl "180+2"]
[Date "2023.03.21"]
[WhiteClock "0:01:12"]
[BlackClock "0:00:40"]

1. d4 Nf6 2. c4 e6 3. Nf3 d5 4. g3 Be7 5. Bg2 O-O 6. O-O dxc4 7. Qc2 a6 8. a4 Bd7 9. Qxc4 Bc6 10. Bg5 Bd5 11. Qc2 Be4 12. Qd1 Nc6 13. Nbd2 Bg6 14. Nc4 h6 15. Bf4 Bd6 16. Bxd6 cxd6 17. Qb3 Na5 18. Nxa5 Qxa5 19. Rfc1 Ne4 20. Nh4 Bh7 21. Qe3 d5 22. Bxe4 Bxe4 23. Qc3 Qxc3 24. Rxc3 b5 25. a5 Rfc8 26. Rac1 Rc4 27. f3 Bh7 28. b3 Rxc3 29. Rxc3 g5 30. Ng2 b4 31. Rc5 Bb1 32. Ne1 Ba2 33. Nd3 Bxb3 34. Nxb4 Bc4 35. e4 Rb8 36. Nc6 Rb1+ 37. Kf2 Rb2+ 38. Kg1 Rb1+ 39. Kf2 Rb2+ 40. Kg1 Rb1+ 1/2-1/2


[Site "https://www.chess.com"]

[Event "Titled Tuesday Blitz March 21 Early 2023"]
[White "Skvortsov, Andrei"]
[Black "Moussard, Jules"]
[WhiteFideId "24108600"]
[BlackFideId "642908"]
[WhiteElo "2259"]
[BlackElo "2610"]
[Result "1-0"]
[Round "06"]
[TimeControl "180+2"]
[Date "2023.03.21"]
[WhiteClock "0:01:00"]
[BlackClock "0:00:59"]

1. e4 c5 2. d4 cxd4 3. Qxd4 Nc6 4. Qd3 Nf6 5. Nc3 g6 6. Nf3 Bg7 7. Be2 O-O 8. O-O d6 9. Nd5 Be6 10. c3 Nd7 11. Bf4 h6 12. Rfd1 g5 13. Bg3 f5 14. exf5 Bxf5 15. Qd2 Nc5 16. Bc4 Kh8 17. Qe1 Ne4 18. Bd3 Nxg3 19. hxg3 Bxd3 20. Rxd3 Qd7 21. Rad1 Rf7 22. b4 Raf8 23. b5 Na5 24. a4 Nc4 25. Qe2 Nb6 26. Nxb6 axb6 27. Qe4 Rc8 28. Ne5 Bxe5 29. Qxe5+ Kg8 30. Qe4 Kg7 31. Qd4+ Rf6 32. Qxb6 Rc5 33. Qxc5 1-0


[Site "https://www.chess.com"]

[Event "Titled Tuesday Blitz March 21 Early 2023"]
[White "Rustemov, Alexander"]
[Black "Gontcharov, Vladislav"]
[WhiteFideId "4119002"]
[BlackFideId "4123492"]
[WhiteElo "2862"]
[BlackElo "2470"]
[Result "1-0"]
[Round "06"]
[TimeControl "180+2"]
[Date "2023.03.21"]
[WhiteClock "0:00:16"]
[BlackClock "0:00:01"]

1. d4 Nf6 2. c4 e6 3. Nf3 b6 4. a3 Bb7 5. Nc3 Ne4 6. Nxe4 Bxe4 7. Bf4 Be7 8. e3 O-O 9. Bd3 Bxd3 10. Qxd3 d6 11. O-O Nd7 12. Rfd1 f5 13. e4 Qe8 14. e5 dxe5 15. Nxe5 Nf6 16. Qe2 Rd8 17. h3 Bd6 18. Re1 Bxe5 19. Bxe5 Rd7 20. Rad1 Qf7 21. Bxf6 Qxf6 22. Qxe6+ Qxe6 23. Rxe6 Kf7 24. d5 a5 25. b3 Rfd8 26. Rde1 a4 27. b4 b5 28. cxb5 Rb8 29. R1e5 g6 30. Ra6 Rxb5 31. Rxa4 c6 32. Ra6 cxd5 33. Kf1 Rb8 34. Ra5 d4 35. Red5 Rxd5 36. Rxd5 Ra8 37. Rxd4 Rxa3 38. Rd7+ Ke6 39. Rxh7 Rb3 40. Rb7 g5 41. g3 Rb2 42. Kg2 Ke5 43. b5 Rb3 44. b6 f4 45. gxf4+ gxf4 46. Rb8 Kf6 47. h4 Kg7 48. h5 Kh6 49. b7 Kh7 50. h6 Rb6 51. Kf3 Rb4 52. Kg4 Rb2 53. f3 Rb4 54. Kg5 Rb6 55. Kxf4 Rb5 56. Kg4 Rb4+ 57. f4 Rb1 58. f5 Rb6 59. f6 Rxf6 60. Rc8 Rg6+ 61. Kf5 Rb6 62. b8=Q 1-0


[Site "https://www.chess.com"]

[Event "Titled Tuesday Blitz March 21 Early 2023"]
[White "Kaufman, Raymond"]
[Black "Harsha Bharathakoti"]
[WhiteFideId "2015056"]
[BlackFideId "5078776"]
[WhiteElo "2321"]
[BlackElo "2481"]
[Result "1-0"]
[Round "06"]
[TimeControl "180+2"]
[Date "2023.03.21"]
[WhiteClock "0:00:07"]
[BlackClock "0:00:03"]

1. c4 g6 2. g3 Bg7 3. Bg2 d6 4. Nc3 Nf6 5. e4 O-O 6. Nge2 c5 7. d4 cxd4 8. Nxd4 Nc6 9. Nxc6 bxc6 10. e5 Ng4 11. exd6 exd6 12. O-O Ne5 13. Qa4 Qc7 14. Be3 Bb7 15. Rfd1 a6 16. Rac1 Rfd8 17. h3 a5 18. Qb3 Rdb8 19. Bb6 Qe7 20. Re1 Qf8 21. Bc7 Nd3 22. Bxb8 Rxb8 23. Qc2 Nxc1 24. Qxc1 Re8 25. Ne4 f5 26. Ng5 Bf6 27. h4 Re7 28. Rxe7 Qxe7 29. Qd2 a4 30. Qb4 h6 31. Ne6 Bc8 32. Nf4 g5 33. Qb8 Qb7 34. Qxd6 Qe7 35. Qxc6 gxf4 36. Qxc8+ Kg7 37. Bd5 fxg3 38. Qg8# 1-0


[Site "https://www.chess.com"]

[Event "Titled Tuesday Blitz March 21 Early 2023"]
[White "Van Foreest, Jorden"]
[Black "Itgelt, Khuyagtsogt"]
[WhiteFideId "1039784"]
[BlackFideId "4902912"]
[WhiteElo "2633"]
[BlackElo "2227"]
[Result "1-0"]
[Round "06"]
[TimeControl "180+2"]
[Date "2023.03.21"]
[WhiteClock "0:02:53"]
[BlackClock "0:01:17"]

1. Nf3 Nf6 2. d4 d5 3. c4 c6 4. Nc3 g6 5. cxd5 cxd5 6. Bf4 Bg7 7. h3 O-O 8. e3 Nc6 9. Be2 Bf5 10. O-O Ne4 11. Qb3 Na5 12. Qb4 Nxc3 13. bxc3 Rc8 14. Nd2 Be6 15. Rfc1 b6 16. Ba6 Rc6 17. Nb3 Nc4 18. Bb7 a5 19. Qb5 Rc7 20. Bxc7 Qxc7 21. Bxd5 1-0


[Site "https://www.chess.com"]

[Event "Titled Tuesday Blitz March 21 Early 2023"]
[White "Deac, Bogdan-Daniel"]
[Black "Tregubov, Pavel V."]
[WhiteFideId "1226380"]
[BlackFideId "4115341"]
[WhiteElo "2649"]
[BlackElo "2425"]
[Result "1-0"]
[Round "06"]
[TimeControl "180+2"]
[Date "2023.03.21"]
[WhiteClock "0:00:16"]
[BlackClock "0:00:01"]

1. e4 e6 2. Qe2 c5 3. g3 Nc6 4. Bg2 g6 5. c3 Bg7 6. Nf3 Nge7 7. O-O O-O 8. Rd1 e5 9. Na3 d6 10. d3 h6 11. Nc2 Be6 12. d4 exd4 13. cxd4 Bg4 14. dxc5 Ne5 15. cxd6 N7c6 16. Bf4 Qf6 17. Nce1 Rad8 18. h3 Bxf3 19. Bxf3 Rxd6 20. Rxd6 Qxd6 21. Bg2 Rd8 22. Be3 Qb4 23. Rc1 Nd4 24. Bxd4 Rxd4 25. Rc2 b5 26. Kh2 Kh7 27. f4 Nc4 28. e5 Qe7 29. b3 Na3 30. Rc1 f6 31. Nf3 Rd8 32. h4 fxe5 33. fxe5 Re8 34. Re1 b4 35. Qe4 Nb5 36. h5 1-0


[Site "https://www.chess.com"]

[Event "Titled Tuesday Blitz March 21 Early 2023"]
[White "Durarbayli, Vasif"]
[Black "Zamorano, Jorge"]
[WhiteFideId "13402935"]
[BlackFideId "173770"]
[WhiteElo "2543"]
[BlackElo "2331"]
[Result "1-0"]
[Round "06"]
[TimeControl "180+2"]
[Date "2023.03.21"]
[WhiteClock "0:00:12"]
[BlackClock "0:00:06"]

1. e4 c5 2. Nf3 d6 3. d4 cxd4 4. Nxd4 Nf6 5. Nc3 a6 6. Bg5 e6 7. f4 Qc7 8. Bxf6 gxf6 9. Qd3 Nc6 10. O-O-O Be7 11. Be2 h5 12. Rhf1 Nxd4 13. Qxd4 Qc5 14. Qd3 b5 15. f5 Bd7 16. fxe6 fxe6 17. e5 Qxe5 18. Qg6+ Kd8 19. Bf3 Rc8 20. Kb1 b4 21. Ne2 Bb5 22. Rfe1 Qg5 23. Qe4 Qe5 24. Nd4 Qxe4 25. Rxe4 e5 26. Nxb5 axb5 27. Rxb4 Rc5 28. a4 Kc7 29. axb5 Kb6 30. c4 f5 31. Bd5 e4 32. Ra4 Bf6 33. b4 Rxd5 34. Rxd5 Be5 35. Ra6+ Kb7 36. c5 e3 37. Kc2 Rg8 38. g3 h4 39. c6+ Kb8 40. b6 hxg3 41. Rda5 1-0


[Site "https://www.chess.com"]

[Event "Titled Tuesday Blitz March 21 Early 2023"]
[White "Domingo Nunez, Ruben"]
[Black "Ibarra Jerez, Jose Carlos"]
[WhiteFideId "22245570"]
[BlackFideId "2226332"]
[WhiteElo "2404"]
[BlackElo "2638"]
[Result "0-1"]
[Round "06"]
[TimeControl "180+2"]
[Date "2023.03.21"]
[WhiteClock "0:00:10"]
[BlackClock "0:00:07"]

1. b3 c5 2. Bb2 d6 3. e4 Nf6 4. Bb5+ Nbd7 5. Qe2 g6 6. f4 Bg7 7. Nc3 O-O 8. Nf3 a6 9. Bxd7 Bxd7 10. e5 Nh5 11. g3 Bc6 12. Rf1 b5 13. O-O-O d5 14. Ng5 b4 15. Na4 Bb5 16. Qf2 Bxa4 17. bxa4 Bh6 18. e6 Bxg5 19. fxg5 d4 20. exf7+ Kh8 21. Rde1 Ra7 22. Re5 Rd7 23. Rxc5 Ng7 24. g4 e6 25. Rc4 e5 26. Rxb4 Ne6 27. h4 Kg7 28. Qe2 Qc7 29. Ba3 Rfxf7 30. Re1 Rd5 31. Rc4 Qd7 32. Qe4 Nf4 33. Rc5 Rxc5 34. Bxc5 Qe6 35. Qxe5+ Qxe5 36. Rxe5 d3 37. Bd4 Kf8 38. cxd3 Nxd3+ 39. Kc2 Nxe5 40. Bxe5 Ke7 41. Bf6+ Ke6 42. Kc3 Kd5 43. Kb4 Rc7 44. h5 Rc4+ 45. Ka5 Rxg4 46. hxg6 hxg6 47. d4 Rg2 48. Kxa6 Rxa2 49. a5 Kc6 50. Be7 Ra4 51. Bc5 Ra1 52. Ka7 Rxa5+ 53. Kb8 Rxc5 54. dxc5 Kxc5 55. Kc7 Kd5 56. Kd7 Ke5 57. Ke7 Kf5 58. Kd6 Kxg5 59. Ke5 Kg4 0-1


[Site "https://www.chess.com"]

[Event "Titled Tuesday Blitz March 21 Early 2023"]
[White "Amilal Munkhdalai"]
[Black "Nogerbek, Kazybek"]
[WhiteFideId "4903250"]
[BlackFideId "13710427"]
[WhiteElo "2293"]
[BlackElo "2501"]
[Result "1-0"]
[Round "06"]
[TimeControl "180+2"]
[Date "2023.03.21"]
[WhiteClock "0:01:09"]
[BlackClock "0:01:26"]

1. e4 g6 2. d4 Nf6 3. Nc3 d5 4. e5 Ne4 5. Bd3 Nxc3 6. bxc3 c5 7. h3 Nc6 8. Nf3 Qa5 9. Bd2 c4 10. Be2 Qa4 11. Nh4 Bf5 12. Nxf5 gxf5 13. O-O e6 14. Bf4 O-O-O 15. Bg5 Be7 16. Qd2 Rhg8 17. h4 Bxg5 18. hxg5 Qa3 19. f4 Rg7 20. Kf2 b5 21. Rh1 a5 22. Rab1 b4 23. Rh3 Qxa2 24. Qc1 b3 25. Rb2 Qa3 26. cxb3 cxb3 27. c4 Nxd4 28. cxd5+ Kb8 29. Rbxb3+ Qxb3 30. Rxb3+ Nxb3 31. Qc3 Rxd5 32. Qxb3+ Kc7 33. Bf3 Rc5 34. Qb7+ Kd8 35. Qb8+ Rc8 36. Qd6+ Ke8 37. Bc6+ 1-0


[Site "https://www.chess.com"]

[Event "Titled Tuesday Blitz March 21 Early 2023"]
[White "Ashraf, Artin"]
[Black "Skliarov, Viktor"]
[WhiteFideId "22514805"]
[BlackFideId "14106736"]
[WhiteElo "2188"]
[BlackElo "2289"]
[Result "1-0"]
[Round "06"]
[TimeControl "180+2"]
[Date "2023.03.21"]
[WhiteClock "0:00:17"]
[BlackClock "0:00:11"]

1. Nf3 g6 2. g3 Bg7 3. Bg2 Nf6 4. O-O O-O 5. c4 c6 6. b3 Ne4 7. d4 d5 8. Bb2 a5 9. Nc3 Bf5 10. Nh4 Nxc3 11. Bxc3 Be6 12. Qd3 Na6 13. a3 a4 14. cxd5 Bxd5 15. bxa4 Bxg2 16. Kxg2 Nc5 17. dxc5 Qxd3 18. exd3 Bxc3 19. Rab1 Rxa4 20. Rxb7 e6 21. Rc7 Ra6 22. Rb1 Be5 23. Rd7 Rxa3 24. Rb6 Rc3 25. Rxc6 Rc2 26. Nf3 Bf6 27. Rcc7 h5 28. d4 Ra8 29. Rxf7 Bd8 30. Rg7+ Kf8 31. Rcf7+ Ke8 32. Ne5 1-0


[Site "https://www.chess.com"]

[Event "Titled Tuesday Blitz March 21 Early 2023"]
[White "Filgueira, Hernan"]
[Black "Zakhartsov, Vladimir"]
[WhiteFideId "101770"]
[BlackFideId "4145097"]
[WhiteElo "2363"]
[BlackElo "2521"]
[Result "0-1"]
[Round "06"]
[TimeControl "180+2"]
[Date "2023.03.21"]
[WhiteClock "0:00:01"]
[BlackClock "0:00:32"]

1. c4 Na6 2. d4 c6 3. e4 Nc7 4. Nc3 d5 5. exd5 cxd5 6. Nf3 Nf6 7. h3 e6 8. Bg5 Be7 9. Bxf6 Bxf6 10. cxd5 Nxd5 11. Bb5+ Kf8 12. O-O g6 13. Rc1 Kg7 14. Re1 Nxc3 15. bxc3 b6 16. Bc6 Rb8 17. Qe2 Bb7 18. Ne5 Bxe5 19. Qxe5+ Qf6 20. Qe4 Bxc6 21. Qxc6 Rhc8 22. Qa4 Rc7 23. Re3 Rbc8 24. Rf3 Qg5 25. Qd1 b5 26. a3 a5 27. Rg3 Qd5 28. h4 b4 29. Rg5 Qa2 30. Rxa5 Rxc3 31. Ra1 Qb2 32. Rc5 R3xc5 33. dxc5 bxa3 34. Rb1 Qe5 35. Rb3 a2 36. Ra3 Qb2 37. Qa4 Rxc5 38. Rxa2 Rc1+ 39. Kh2 Qe5+ 40. g3 Qe1 41. Qd4+ e5 42. Qd5 Rd1 43. Qf3 e4 44. Qg2 h5 45. Rc2 Kh6 46. Ra2 f5 47. Rc2 Rd2 48. Rxd2 Qxd2 0-1


[Site "https://www.chess.com"]

[Event "Titled Tuesday Blitz March 21 Early 2023"]
[White "Vlassov, Nikolai"]
[Black "Sanal, Vahap"]
[WhiteFideId "4103360"]
[BlackFideId "6300545"]
[WhiteElo "2324"]
[BlackElo "2606"]
[Result "1-0"]
[Round "06"]
[TimeControl "180+2"]
[Date "2023.03.21"]
[WhiteClock "0:00:42"]
[BlackClock "0:00:02"]

1. e4 c6 2. d4 d5 3. e5 Bf5 4. Nc3 e6 5. g4 Bg6 6. Nge2 h6 7. Be3 Nd7 8. Bg2 c5 9. f4 cxd4 10. Nxd4 Bc5 11. f5 exf5 12. gxf5 Bxd4 13. Qxd4 Bxf5 14. O-O-O Ne7 15. Nxd5 O-O 16. Rhf1 Nxd5 17. Bxd5 Bg6 18. Bxf7+ Rxf7 19. Rxf7 Bxf7 20. Qxd7 Qxd7 21. Rxd7 b6 22. Bd4 g5 23. e6 Bxe6 24. Rg7+ Kf8 25. Rg6 Ke7 26. Rxh6 g4 27. Be5 Rf8 28. b3 Rf2 29. a4 Bf5 30. Rc6 Be4 31. Rc7+ Ke6 32. Bg3 Re2 33. Kb2 a6 34. b4 b5 35. a5 Kd5 36. Rc5+ Kd4 37. Be5+ Ke3 38. Kb3 Kd2 39. c4 Re3+ 40. Kb2 Bc2 41. Bf4 1-0


[Site "https://www.chess.com"]

[Event "Titled Tuesday Blitz March 21 Early 2023"]
[White "Real_OceanStorm"]
[Black "Alex_Sahakyan2006"]
[WhiteElo "2813"]
[BlackElo "2616"]
[Result "1-0"]
[Round "06"]
[TimeControl "180+2"]
[Date "2023.03.21"]
[WhiteClock "0:00:31"]
[BlackClock "0:00:16"]

1. e4 c5 2. Nf3 Nc6 3. c3 Nf6 4. e5 Nd5 5. d4 cxd4 6. cxd4 d6 7. Nc3 Nxc3 8. bxc3 dxe5 9. d5 Nb8 10. Nxe5 Nd7 11. Bf4 g6 12. Bb5 Bg7 13. Bxd7+ Bxd7 14. O-O O-O 15. Rb1 Qc8 16. Re1 Bf5 17. Rc1 Rd8 18. c4 Qc5 19. Qe2 Qd4 20. g3 h5 21. Nf3 Qb6 22. Be5 Bh6 23. Rc3 Bg4 24. Rb3 Qa6 25. Bd4 Bg7 26. Bxg7 Kxg7 27. Kg2 Rd7 28. Qb2+ Kg8 29. Ne5 Rc7 30. h3 Bc8 31. Rf3 e6 32. Qd4 Qd6 33. g4 exd5 34. Nxf7 Rxf7 35. Re8+ Rf8 36. Rexf8+ Qxf8 37. Qxd5+ 1-0


[Site "https://www.chess.com"]

[Event "Titled Tuesday Blitz March 21 Early 2023"]
[White "Averjanov, Alexey"]
[Black "Safin, Robert"]
[WhiteFideId "14109867"]
[BlackFideId "34189120"]
[WhiteElo "2810"]
[BlackElo "2245"]
[Result "1-0"]
[Round "06"]
[TimeControl "180+2"]
[Date "2023.03.21"]
[WhiteClock "0:00:13"]
[BlackClock "0:00:02"]

1. d4 Nf6 2. c4 e6 3. Nf3 d5 4. e3 c5 5. dxc5 Bxc5 6. a3 a5 7. Nc3 O-O 8. cxd5 exd5 9. Be2 Nc6 10. Nb5 Bg4 11. O-O Qb6 12. Nc3 Qd8 13. Nd4 Bxd4 14. Bxg4 Bxc3 15. bxc3 Nxg4 16. Qxg4 Qf6 17. Rb1 Rab8 18. a4 Rfd8 19. Rd1 Ne5 20. Qg3 Nc4 21. Rb5 Rbc8 22. Rxb7 Qxc3 23. Qf4 Nd6 24. Bb2 Qc2 25. Qd4 Qxd1+ 26. Qxd1 Nxb7 27. Qd4 f6 28. h4 Kh8 29. h5 h6 30. Qb6 Nc5 31. Qxa5 Ne4 32. Bd4 Rd7 33. Qb5 Rdd8 34. a5 Rc1+ 35. Kh2 Nxf2 36. a6 Rdc8 37. a7 Rh1+ 38. Kg3 Ne4+ 39. Kg4 Nf2+ 40. Kf5 Ne4 41. Qb8 Rxh5+ 42. Ke6 1-0


[Site "https://www.chess.com"]

[Event "Titled Tuesday Blitz March 21 Early 2023"]
[White "Hayrapetyan, Hovik"]
[Black "Jeet, Jain"]
[WhiteFideId "13302639"]
[BlackFideId "5073022"]
[WhiteElo "2348"]
[BlackElo "2067"]
[Result "1-0"]
[Round "06"]
[TimeControl "180+2"]
[Date "2023.03.21"]
[WhiteClock "0:00:11"]
[BlackClock "0:00:02"]

1. d4 Nf6 2. c4 g6 3. Nc3 Bg7 4. Nf3 O-O 5. g3 c6 6. e4 d5 7. cxd5 cxd5 8. e5 Ne4 9. Bg2 Nxc3 10. bxc3 Bg4 11. h3 Bxf3 12. Qxf3 e6 13. h4 Nd7 14. h5 Rc8 15. Bh3 f5 16. g4 Nxe5 17. dxe5 Bxe5 18. Bd2 d4 19. c4 Rxc4 20. hxg6 hxg6 21. gxf5 exf5 22. Qb3 Qd5 23. Bg2 Qe6 24. Kf1 b6 25. Re1 Rfc8 26. f4 Qd7 27. Rxe5 Kg7 28. Qh3 Qa4 29. Qh6+ Kf6 30. Qg5+ 1-0


[Site "https://www.chess.com"]

[Event "Titled Tuesday Blitz March 21 Early 2023"]
[White "Fier, Alexandr"]
[Black "Sokac, Marko"]
[WhiteFideId "2107139"]
[BlackFideId "14531356"]
[WhiteElo "2610"]
[BlackElo "2355"]
[Result "1-0"]
[Round "06"]
[TimeControl "180+2"]
[Date "2023.03.21"]
[WhiteClock "0:00:37"]
[BlackClock "0:00:02"]

1. d4 Nf6 2. Bg5 e6 3. e4 h6 4. Bxf6 Qxf6 5. c3 d5 6. Nd2 Qd8 7. Bd3 Be7 8. Ngf3 c5 9. dxc5 Bxc5 10. exd5 exd5 11. O-O Be6 12. Nb3 Bb6 13. Nbd4 O-O 14. Bc2 Bd7 15. Qd3 g6 16. h4 h5 17. Qd2 Kg7 18. Rfe1 Nc6 19. Rad1 Bg4 20. Qf4 Qf6 21. Qxf6+ Kxf6 22. Rd3 Rfe8 23. Rxe8 Rxe8 24. Kf1 Kg7 25. Bb3 Nxd4 26. Nxd4 Be6 27. g3 Bh3+ 28. Kg1 Re1+ 29. Kh2 Be6 30. Kg2 Rb1 31. Nxe6+ fxe6 32. Rd2 Kf6 33. Re2 Bc5 34. a3 b6 35. Ba4 e5 36. Bc6 d4 37. cxd4 Bxd4 38. b4 Ra1 39. Be4 Rxa3 40. Rc2 Rc3 41. Ra2 Rc7 42. f4 exf4 43. gxf4 Bc3 44. b5 Ba5 45. Bc6 Re7 46. Kf3 Re1 47. Rc2 Rf1+ 48. Ke3 Re1+ 49. Kf2 Rb1 50. Be8 Be1+ 51. Kf3 Bxh4 52. Rc6+ Ke7 53. Bxg6 Rb3+ 54. Ke4 Rxb5 55. Rc7+ Kd6 56. Rxa7 Bg3 57. Kf3 Rb3+ 58. Ke4 Rb4+ 59. Kf3 Rxf4+ 60. Ke3 Rb4 61. Bxh5 b5 62. Be8 Kc5 63. Rg7 Be5 64. Rg5 Kd6 65. Rg6+ Ke7 66. Bc6 Bd6 67. Kd3 Rb3+ 68. Kd4 b4 69. Rg7+ Kf6 70. Rd7 Be7 71. Bd5 Rg3 72. Rb7 Rg4+ 73. Kd3 Rh4 74. Rb6+ Ke5 75. Bb3 Bd6 76. Rb5+ Kf6 77. Rd5 Ke7 78. Rg5 Rh3+ 79. Kc2 Rc3+ 80. Kb2 Kf6 81. Rh5 Be5 82. Rh6+ Kg5 83. Re6 Kf4 84. Ka2 Ke4 85. Rb6 Re3 86. Rxb4+ Bd4 87. Rb5 Re2+ 88. Kb1 Rb2+ 89. Kc1 Rf2 90. Bc2+ Ke3 91. Rb3+ Kf4 92. Rb4 Ke3 93. Rb3+ Kf4 94. Kd1 Be3 95. Rb4+ Kg5 96. Be4 Rd2+ 97. Ke1 Bf4 98. Bf3 Ra2 99. Rb5+ Kh4 100. Be2 Ra1+ 101. Kf2 Ra3 102. Rh5# 1-0


[Site "https://www.chess.com"]

[Event "Titled Tuesday Blitz March 21 Early 2023"]
[White "Kilic, Eray"]
[Black "Pinheiro, Iung Alicio de O."]
[WhiteFideId "44517173"]
[BlackFideId "2104350"]
[WhiteElo "2328"]
[BlackElo "2283"]
[Result "0-1"]
[Round "06"]
[TimeControl "180+2"]
[Date "2023.03.21"]
[WhiteClock "0:00:07"]
[BlackClock "0:00:03"]

1. d4 Nf6 2. Nc3 d5 3. Bf4 g6 4. Nb5 Na6 5. e3 Bg7 6. h3 O-O 7. a3 c6 8. Nc3 Nc7 9. Nf3 Nce8 10. Bd3 Nd6 11. O-O Bf5 12. Re1 Nfe4 13. Ne2 f6 14. Bh2 Re8 15. Ng3 Nxg3 16. Bxg3 Bxd3 17. cxd3 e5 18. dxe5 fxe5 19. e4 d4 20. h4 h6 21. h5 g5 22. Nh2 Qd7 23. Ng4 Qf7 24. Rc1 Re7 25. Rc5 Rae8 26. Qa4 Qxh5 27. f3 a6 28. Qa5 Nf7 29. b4 Qg6 30. Qb6 h5 31. Nf2 g4 32. fxg4 hxg4 33. a4 Bh6 34. b5 axb5 35. axb5 Nd8 36. bxc6 bxc6 37. Qb3+ Kh7 38. Nd1 Nf7 39. Rf1 Re6 40. Qb7 R8e7 41. Qc8 Ng5 42. Rf5 Nf7 43. Bh4 Nd6 44. Qb8 Nxf5 45. exf5 Qxf5 46. Bxe7 Rxe7 47. Rxc6 Be3+ 48. Nxe3 dxe3 49. Qb1 Qf2+ 50. Kh2 g3+ 51. Kh3 Qf5+ 52. Kxg3 Qf4+ 53. Kh3 e2 54. d4+ e4 55. Qe1 Qe3+ 56. Kh2 Qf4+ 57. g3 Qf1 58. Rc1 Rf7 59. g4 Rf2+ 60. Kg3 Qg2+ 61. Kh4 Qh2+ 62. Kg5 Qf4+ 0-1


[Site "https://www.chess.com"]

[Event "Titled Tuesday Blitz March 21 Early 2023"]
[White "Gukesh D"]
[Black "Kim, Sergey"]
[WhiteFideId "46616543"]
[BlackFideId "13700570"]
[WhiteElo "2612"]
[BlackElo "2598"]
[Result "1-0"]
[Round "06"]
[TimeControl "180+2"]
[Date "2023.03.21"]
[WhiteClock "0:01:29"]
[BlackClock "0:02:20"]

1. d4 Nf6 2. Nf3 g6 3. c4 Bg7 4. Nc3 d6 5. e4 O-O 6. Be2 e5 7. O-O exd4 8. Nxd4 Re8 9. f3 Nbd7 10. Be3 c6 11. Qd2 a5 12. b3 Nc5 13. Kh1 Nfd7 14. Rad1 Qb6 15. Nc2 Re6 16. Bd4 Bf8 17. Ne3 Qc7 18. Ng4 Ne5 19. Nh6+ Bxh6 20. Qxh6 Re8 21. f4 1-0


[Site "https://www.chess.com"]

[Event "Titled Tuesday Blitz March 21 Early 2023"]
[White "Srinath, Rao S.V."]
[Black "Galchenko, Matvey"]
[WhiteFideId "5028876"]
[BlackFideId "24175480"]
[WhiteElo "2196"]
[BlackElo "2404"]
[Result "1-0"]
[Round "06"]
[TimeControl "180+2"]
[Date "2023.03.21"]
[WhiteClock "0:01:00"]
[BlackClock "0:00:13"]

1. e4 e6 2. d4 d5 3. e5 c5 4. c3 Qb6 5. Nf3 Nc6 6. Bd3 cxd4 7. O-O Bd7 8. Re1 Nge7 9. Nbd2 dxc3 10. bxc3 Na5 11. Rb1 Qc7 12. Ba3 Qxc3 13. Nb3 Nxb3 14. Rxb3 Qc8 15. Nd4 a6 16. Qg4 Nc6 17. Bxf8 Kxf8 18. Rc1 Rb8 19. Nf3 Qd8 20. Qf4 Qe7 21. h4 Kg8 22. h5 Rf8 23. Rxb7 Qd8 24. h6 Na5 25. Rxd7 Qxd7 26. hxg7 f6 27. exf6 1-0


[Site "https://www.chess.com"]

[Event "Titled Tuesday Blitz March 21 Early 2023"]
[White "Popov, Mikhail"]
[Black "Pakleza, Zbigniew"]
[WhiteFideId "4146182"]
[BlackFideId "1119290"]
[WhiteElo "2270"]
[BlackElo "2410"]
[Result "0-1"]
[Round "06"]
[TimeControl "180+2"]
[Date "2023.03.21"]
[WhiteClock "0:00:03"]
[BlackClock "0:00:56"]

1. d4 d6 2. Nf3 Bg4 3. e4 Nf6 4. Nc3 e6 5. h3 Bh5 6. Qe2 c6 7. g4 Bg6 8. h4 h5 9. g5 Nfd7 10. Bg2 Be7 11. Bd2 d5 12. O-O-O O-O 13. Bf4 b5 14. Ne5 Nxe5 15. Bxe5 Nd7 16. exd5 exd5 17. Rhe1 Re8 18. Qf3 Qa5 19. Kb1 Bb4 20. Bf4 Nb6 21. Bc7 Bxc3 22. Qxc3 Qxc3 23. bxc3 Nc4 24. Kc1 f6 25. Bf1 Kf7 26. gxf6 gxf6 27. Bxc4 bxc4 28. Kd2 Be4 29. Re3 Rg8 30. f3 Rg2+ 31. Re2 Bxf3 32. Rxg2 Bxg2 33. Re1 Be4 34. Rg1 Re8 35. Bf4 Bf5 36. Bh6 Re4 37. Rg7+ Ke6 38. Rxa7 Rxh4 39. a4 Rh2+ 40. Ke3 Rxc2 41. a5 Rxc3+ 42. Kf2 Ra3 43. a6 c3 44. Ra8 Bd3 45. a7 Kf5 46. Bc1 Ra2+ 47. Ke3 Be4 48. Rh8 Rxa7 49. Rxh5+ Ke6 50. Rh2 Ra1 0-1


[Site "https://www.chess.com"]

[Event "Titled Tuesday Blitz March 21 Early 2023"]
[White "Mahdavi, Reza"]
[Black "Diaz Rosas, Julio Cesar"]
[WhiteFideId "12595926"]
[BlackFideId "5105099"]
[WhiteElo "2208"]
[BlackElo "2270"]
[Result "0-1"]
[Round "06"]
[TimeControl "180+2"]
[Date "2023.03.21"]
[WhiteClock "0:02:02"]
[BlackClock "0:02:19"]

1. Nf3 Nf6 2. g3 g6 3. b3 Bg7 4. Bb2 O-O 5. Bg2 d5 6. c4 c5 7. cxd5 Qxd5 8. O-O Nc6 9. d4 Qh5 10. h4 Rd8 11. e3 Bg4 12. Nbd2 cxd4 13. e4 Ne5 14. Rc1 Nxe4 15. Nxe4 Nxf3+ 16. Kh1 Nxh4 0-1


[Site "https://www.chess.com"]

[Event "Titled Tuesday Blitz March 21 Early 2023"]
[White "Molina, Roberto Junio Brito"]
[Black "Derjabin, Ilja"]
[WhiteFideId "2109450"]
[BlackFideId "14104768"]
[WhiteElo "2376"]
[BlackElo "2309"]
[Result "1-0"]
[Round "06"]
[TimeControl "180+2"]
[Date "2023.03.21"]
[WhiteClock "0:01:18"]
[BlackClock "0:00:01"]

1. d4 Nf6 2. c4 d6 3. Nf3 Bf5 4. Nc3 g6 5. g3 Bg7 6. Bg2 O-O 7. O-O Ne4 8. Nxe4 Bxe4 9. Be3 Nd7 10. Qd2 c5 11. d5 Qb6 12. Bh6 Bxf3 13. Bxf3 Bxh6 14. Qxh6 Qxb2 15. Rab1 Qg7 16. Qxg7+ Kxg7 17. Rxb7 Rfd8 18. e3 Rab8 19. Rfb1 a5 20. R1b5 Rxb7 21. Rxb7 Kf6 22. Be2 e6 23. f4 exd5 24. cxd5 Kg7 25. Bf3 Nf6 26. Kf2 Rc8 27. g4 c4 28. g5 Ne8 29. Bd1 c3 30. Bc2 Rc5 31. e4 Nc7 32. Ke3 Na6 33. a3 Rc4 34. Rb6 Nc5 35. Rxd6 Nxe4 36. Rc6 Nd6 37. Bd3 Rxc6 38. dxc6 Kf8 39. Kd4 Ke7 40. Kxc3 Kd8 41. Kd4 Kc7 42. Kc5 Nc8 43. Be4 Nd6 44. Bd5 1-0


[Site "https://www.chess.com"]

[Event "Titled Tuesday Blitz March 21 Early 2023"]
[White "Ingebretsen, Jens E"]
[Black "Ioannidis, Evgenios"]
[WhiteFideId "1522965"]
[BlackFideId "4229274"]
[WhiteElo "2213"]
[BlackElo "2386"]
[Result "1-0"]
[Round "06"]
[TimeControl "180+2"]
[Date "2023.03.21"]
[WhiteClock "0:01:02"]
[BlackClock "0:00:01"]

1. c4 Nf6 2. Nc3 e6 3. e4 d5 4. cxd5 exd5 5. e5 d4 6. exf6 dxc3 7. Bb5+ c6 8. Qe2+ Be6 9. Bc4 Qxf6 10. dxc3 Nd7 11. Nf3 Nb6 12. Bxe6 Qxe6 13. Qxe6+ fxe6 14. Bg5 h6 15. Bh4 g5 16. Bg3 O-O-O 17. h4 Be7 18. Be5 Rhf8 19. hxg5 hxg5 20. Rh7 Rd7 21. Rd1 g4 22. Rxd7 Nxd7 23. Nd4 Bc5 24. Nxe6 Re8 25. Rh8 Bf8 26. Nxf8 Rxe5+ 27. Kd2 Rd5+ 28. Ke3 Ne5 29. Ng6+ Kc7 30. Nxe5 Rxe5+ 31. Kd3 Rf5 32. Rh7+ Kb6 33. Ke3 Re5+ 34. Kd2 Rf5 35. Ke2 Re5+ 36. Kf1 Rb5 37. b3 Rd5 38. Rg7 Rd2 39. Rxg4 Rxa2 40. Rb4+ Kc7 41. g4 b5 42. g5 a5 43. Re4 Rd2 44. f4 1-0


[Site "https://www.chess.com"]